 Dungeon Crawl Stone Soup version 0.30.1 (webtiles) character file.

Game seed: 4327943376287309201

10 Descartes the Magician (level 2, 15/15 HPs)
             Began as a Deep Elf Hedge Wizard on July 12, 2023.
             Got out of the dungeon alive.
             The game lasted 00:01:10 (624 turns).

Descartes the Magician (Deep Elf Hedge Wizard)       Turns: 624, Time: 00:01:11

Health: 15/15      AC:  2    Str:  7    XL:     2   Next: 10%
Magic:  9/9        EV: 12    Int: 18    God:
Gold:   25         SH:  0    Dex: 14    Spells: 9/10 levels left

rFire   . . .        a - +0 dagger
rCold   . . .        (no shield)
rNeg    . . .        b - +0 robe
rPois   .            c - +0 hat
rElec   .            (no cloak)
rCorr   .            (no gloves)
SInv    .            (no boots)
Will    .....        (no amulet)
Stlth   ++           (no ring)
HPRegen 0.22/turn    (no ring)
MPRegen 0.11/turn

%: no passive effects
@: no status effects
A: no striking features
a: no special abilities


You escaped.
You visited 1 branch of the dungeon, and saw 1 of its levels.

You collected 25 gold pieces.

Inventory:

Hand Weapons
 a - a +0 dagger (weapon)
Armour
 b - a +0 robe (worn)
 c - a +0 hat (worn)
Jewellery
 f - a +6 ring of intelligence
Potions
 d - a potion of magic
 e - a potion of lignification {unknown}


   Skills:
 - Level 2.4 Dodging
 - Level 2.4 Stealth
 + Level 4.8 Spellcasting
 + Level 1.9 Conjurations
 - Level 1.1 Summonings
 - Level 1.1 Translocations


You had 9 spell levels left.
You knew the following spells:

 Your Spells              Type           Power      Damage    Failure   Level
a - Magic Dart            Conj           44%        1d5       6%          1

Your spell library contained the following spells:

 Spells                   Type           Power      Damage    Failure   Level
 Blink                    Tloc           16%        N/A       13%         2
 Call Imp                 Summ           16%        N/A       13%         2
 Slow                     Hex            16%        N/A       14%         1
 Cigotuvi's Dreadful Rot  Necr/Pois/Air  8%         N/A       21%         2
 Mephitic Cloud           Conj/Pois/Air  6%         N/A       30%         3


Dungeon Overview and Level Annotations

Branches:
Dungeon (1/15)

Altars:

Shops:
D:1 (


Message History

The kobold is heavily wounded.
The kobold misses you.
Casting: Magic Dart (safe; 7% risk of failure)
Confirm with . or Enter, or press ? or * to list all spells.
Aiming: Magic Dart (safe; 7% risk of failure)
Press: ? - help, Shift-Dir - straight line, f/p - kobold
Aim: a kobold, wielding a +0 dagger (heavily wounded, 100% to hit)
The magic dart hits the kobold.
You kill the kobold!
You have reached level 2!
Your magical contamination has completely faded away.
f - a +6 ring of intelligence You open the door.
There is an open door here.
A giant cockroach comes into view.
Found 4 stones.
Casting: Magic Dart (safe; 6% risk of failure)
Confirm with . or Enter, or press ? or * to list all spells.
Aiming: Magic Dart (safe; 6% risk of failure)
Press: ? - help, Shift-Dir - straight line, f - giant cockroach
Aim: a giant cockroach (asleep, 100% to hit)
The magic dart hits the giant cockroach.
The giant cockroach is heavily wounded.
A giant cockroach is nearby!
You can't go up here!
Casting: Magic Dart (safe; 6% risk of failure)
Confirm with . or Enter, or press ? or * to list all spells.
Aiming: Magic Dart (safe; 6% risk of failure)
Press: ? - help, Shift-Dir - straight line, f/p - giant cockroach
Aim: a giant cockroach (heavily wounded, 100% to hit)
The magic dart hits the giant cockroach.
You kill the giant cockroach!
There is an open door here.
Found a book of Dreams.
There is an open door here.
There is a staircase leading out of the dungeon here.
Are you sure you want to leave the Dungeon?
This will make you lose the game!
Alright, then stay!
Are you sure you want to leave the Dungeon?
This will make you lose the game!
You have escaped!

...#####..#
....####..##
...........#####
#.########.#8.8##
#.# #......# #.#
#......# #+##
#...8..## ...##
#..[...8# ....##
##......@# .....##
#.......8#
......###....8..##
......'.........#
......####......#
.....## #.#8.8##
>...## #.#####
...## #.# #'## #.#


There were no monsters in sight!

Vanquished Creatures
  A bat (D:1)
  A giant cockroach (D:1)
  A hobgoblin (D:1)
  2 jackals (D:1)
  2 kobolds (D:1)
  A frilled lizard (D:1)
8 creatures vanquished.

Notes
Turn   | Place    | Note
-------+----------+-------------------------------------------
     0 | D:1      | Descartes the Deep Elf Hedge Wizard began the quest for the
                  | Orb.
     0 | D:1      | Reached XP level 1. HP: 10/10 MP: 7/7
   167 | D:1      | Found Busu's Antique Weapon Boutique.
   485 | D:1      | Reached XP level 2. HP: 14/15 MP: 4/9
   624 | D:$      | Got out of the dungeon alive.

Illustrated notes

Levels and vault maps discovered:
D:1:      mrwooster_arrival_statue_2, layout_loops_corners, serial_shops, shop,
          minmay_splitting_lines

Action                     || total
---------------------------++-------
  Melee: Dagger            ||     6
   Cast: Magic Dart        ||    25
 Armour: Robe              ||    10
  Dodge: Dodged            ||    40
